 Dungeon Crawl Stone Soup version 0.30.0-15-g856e2d3f33 (webtiles) character file.

Game seed: 5063588665167132085

89 SnakkuSnakku7 the Trooper (level 4, 0/35 HPs)
             Began as a Mummy Reaver on May 18, 2023.
             Slain by Natasha (2 damage)
             ... on level 2 of the Dungeon.
             The game lasted 00:01:43 (759 turns).

SnakkuSnakku7 the Trooper (Mummy Reaver)             Turns: 759, Time: 00:01:43

Health: 0/35       AC:  8    Str: 17    XL:     4   Next: 31%
Magic:  8/8        EV:  7    Int: 12    God:
Gold:   81         SH:  0    Dex: 10    Spells: 7/8 levels left

rFire   x . .        a - +0 mace
rCold   + . .        (no shield)
rNeg    + + +        d - +0 chain mail
rPois   ∞            (no helmet)
rElec   .            (no cloak)
rCorr   .            (no gloves)
SInv    .            (no boots)
Will    .....        (no amulet) Stlth
                     (no ring)
HPRegen 0.25/turn    (no ring)
MPRegen 0.11/turn

%: faith
@: slowed, very slow
A: cold resistance 1, negative energy resistance 3, torment resistance 2, heat
vulnerability 1, in touch with death 1, no potions, faith
a: no special abilities


You were on level 2 of the Dungeon.
You visited 1 branch of the dungeon, and saw 2 of its levels.

You collected 81 gold pieces.

Inventory:

Hand Weapons
 a - a +0 mace (weapon)
Armour
 b - a +0 leather armour
 d - a +0 chain mail (worn)
Scrolls
 c - 2 scrolls of brand weapon {unknown}
 e - 3 scrolls of identify {unknown}
 f - a scroll of vulnerability {unknown}
 g - a scroll of poison {unknown}


   Skills:
 + Level 3.5 Fighting
 + Level 3.4 Maces & Flails
 - Level 1.5 Dodging
 - Level 2.6 Spellcasting
 - Level 2.4 Conjurations


You had 7 spell levels left.
You knew the following spells:

 Your Spells              Type           Power      Damage    Failure   Level
a - Kiss of Death         Conj/Necr      24%        2d7       89%         1

Your spell library contained the following spells:

 Spells                   Type           Power      Damage    Failure   Level
 Momentum Strike          Conj/Tloc      8%         3d8       96%         2
 Hailstorm                Conj/Ice       4%         3d4       99%         3


Dungeon Overview and Level Annotations

Branches:
Dungeon (2/15)

Altars:

Annotations:
D:2 Natasha


Innate Abilities, Weirdness & Mutations

You are immune to poison.
Your flesh is cold resistant. (rC+)
You are immune to negative energy. (rN+++)
You are immune to unholy pain and torment.
You are vulnerable to heat. (rF-)
You are in touch with the powers of death.
You do not drink.
You have a special connection with the divine. (Faith)


Message History

You feel yourself slow down.
You hit Natasha.
Natasha is lightly wounded.
Natasha zaps a wand.
The bolt of dispelling energy hits you!
Your magical effects are unravelling.
The now-empty wand crumbles to dust.
Natasha barely misses you.
You hit Natasha.
Natasha is moderately wounded.
You feel yourself speed up.
Natasha drinks a potion.
Natasha seems to grow stronger.
Natasha stares at you and mumbles some strange words.
You feel yourself slow down.
You closely miss Natasha.
Natasha is moderately wounded.
Natasha closely misses you. Natasha claws you!
You are too injured to fight recklessly!
You are too injured to fight recklessly!
You are too injured to fight recklessly!
You closely miss Natasha.
Natasha is moderately wounded.
Natasha casts a spell at you. The magic dart hits you.
* * * LOW HITPOINT WARNING * * *
You hit Natasha but do no damage.
Natasha is moderately wounded.
Natasha claws you.
* * * LOW HITPOINT WARNING * * *
Natasha casts a spell at you. The magic dart hits you.
* * * LOW HITPOINT WARNING * * *
You barely miss Natasha.
Natasha is moderately wounded.
Natasha mumbles some strange words.
Natasha barely misses you.
You barely miss Natasha.
Natasha is moderately wounded.
Natasha claws you.
* * * LOW HITPOINT WARNING * * *
The cerulean imp barely misses you. Natasha claws you.
You die...

.........#
.........#
#........#
#....)...#
#........#
#........#
#.....h5.#
#......@.#
....#+#'#########.#
# '#+#...†.......#
............######
...............#
.............#.###
.#...........#...#
#....##########.###
......+.#........#..


You could see Natasha (strong) and a cerulean imp (summoned).

Vanquished Creatures
  Jessica (D:2)
  Natasha (D:2)
  An adder (D:2)
  A dart slug (D:1)
  3 endoplasms (D:1)
  2 giant cockroaches (D:1)
  2 goblins (D:1)
  2 hobgoblins (D:1)
  2 ball pythons (D:2)
  7 bats
  4 frilled lizards (D:1)
  3 kobolds (D:1)
  4 rats
33 creatures vanquished.

Notes
Turn   | Place    | Note
-------+----------+-------------------------------------------
     0 | D:1      | SnakkuSnakku7 the Mummy Reaver began the quest for the Orb.
     0 | D:1      | Reached XP level 1. HP: 16/16 MP: 4/4
    88 | D:1      | Reached XP level 2. HP: 22/23 MP: 5/5
   166 | D:1      | Found a faded altar of an unknown god.
   525 | D:2      | Gained mutation: You are in touch with the powers of death.
                  | [Mummy growth]
   525 | D:2      | Reached XP level 3. HP: 25/28 MP: 7/7
   534 | D:2      | Noticed Natasha
   543 | D:2      | Noticed Jessica
   550 | D:2      | Killed Natasha
   664 | D:2      | Killed Jessica
   665 | D:2      | Reached XP level 4. HP: 35/35 MP: 8/8
   750 | D:2      | Noticed Natasha
   759 | D:2      | Slain by Natasha

Illustrated notes

Levels and vault maps discovered:
D:1:      reono_arrival_mine, layout_rooms, shapermc_ecumenical_altar_pompeii,
          minmay_small_reverse_x
D:2:      layout_basic, uniq_jessica, uniq_terence, uniq_natasha

Skill      XL: |  1  2  3 |
---------------+----------+-----
Maces & Flails | 3 |  3.4
Fighting       | 3 |  3.5
Dodging        | |  1.5
Spellcasting   | |  2.6
Conjurations   | |  2.4

Action                     |  1- 3 |  4- 6 || total
---------------------------+-------+-------++-------
  Melee: Mace              |   103 |    18 ||   121
 Armour: Chain mail        |    77 |    19 ||    96
         Leather armour    |     7 |       ||     7
  Dodge: Dodged            |    58 |    13 ||    71
